 Dungeon Crawl Stone Soup version 0.31-a0-1589-g8f5e8aebd6 (webtiles) character file.

Game seed: 3833119453516380941

1199 Flugslaktarn the Toxicologist (level 8, -2/50 HPs)
             Began as an Octopode Alchemist on Jan 6, 2024.
             Was an Initiate of Sif Muna.
             Engulfed by a steam dragon's steam (10 damage)
             ... on level 6 of the Dungeon.
             The game lasted 00:05:37 (2227 turns).

Flugslaktarn the Toxicologist (Octopode Alchemist)  Turns: 2227, Time: 00:05:37

Health: -2/50      AC:  1    Str:  7    XL:     8   Next: 44%
Magic:  0/15       EV: 13    Int: 19    God:    Sif Muna [......]
Gold:   296        SH:  0    Dex: 13    Spells: 8/17 levels left

rFire   . . .        f - staff of conjuration
rCold   . . .        (no shield)
rNeg    . . .        (helmet restricted)
rPois   .            (no amulet)
rElec   .            (no ring)
rCorr   .            (no ring)
SInv    .            (no ring)
Will    .....        (no ring)
Stlth   +++          (no ring)
HPRegen 0.28/turn    (no ring)
MPRegen 0.14/turn    (no ring)
                     (no ring)

%: no passive effects
@: radiating poison, very slightly contaminated
A: almost no armour, amphibious, 8 rings, camouflage 1, gelatinous body 1,
(nimble swimmer 1), tentacles
a: Renounce Religion


You were on level 6 of the Dungeon.
You worshipped Sif Muna.
Sif Muna was noncommittal.
You visited 1 branch of the dungeon, and saw 6 of its levels.
You also visited: Ossuary.

You collected 296 gold pieces.

Inventory:

Magical Staves
 f - a staff of conjuration (weapon)
   (You found it on level 5 of the Dungeon)
Jewellery
 d - a ring of ice
   (You found it on level 1 of the Dungeon)
Wands
 g - a wand of charming (15)
   (You took it off Pikel on level 5 of the Dungeon)
Scrolls
 b - a scroll of enchant armour
 c - a scroll of butterflies {unknown}
 e - a scroll of immolation {unknown}
 i - a scroll of noise {unknown}
 o - a scroll of fear {unknown}
 t - 2 scrolls of teleportation
Potions
 a - a potion of magic
 h - a potion of haste
 j - a potion of attraction {unknown}
 k - a potion of heal wounds {unknown}
 l - a potion of lignification {unknown}
 m - a potion of invisibility {unknown}
 n - a potion of might {unknown}
 p - a potion of ambrosia {unknown}


   Skills:
 - Level 2.0 Fighting
 - Level 2.0 Dodging
 - Level 2.6 Stealth
 + Level 5.2 Spellcasting
 - Level 1.0 Conjurations
 - Level 4.0 Fire Magic
 - Level 8.0 Alchemy


You had 8 spell levels left.
You knew the following spells:

 Your Spells              Type           Power      Damage    Failure   Level
a - Sting                 Conj/Alch      100%       1d9       1%          1
b - Olgreb's Toxic Radia  Alch           35%        N/A       4%          4
c - Sticky Flame          Fire/Alch      27%        2d7       10%         4

Your spell library contained the following spells:

 Spells                   Type           Power      Damage    Failure   Level
 Mercury Vapours          Alch/Air       40%        N/A       3%          2
 Mephitic Cloud           Conj/Alch/Air  24%        N/A       11%         3
 Apportation              Tloc           8%         N/A       12%         1
 Necrotise                Necr           16%        1d4       12%         1
 Summon Small Mammal      Summ           16%        N/A       12%         1
 Dazzling Flash           Conj/Hex       20%        N/A       30%         3
 Hailstorm                Conj/Ice       10%        3d6       30%         3
 Summon Ice Beast         Ice/Summ       4%         N/A       36%         3
 Curse of Agony           Necr           4%         N/A       98%         5
 Silence                  Hex/Air        2%         N/A       98%         5
 Sculpt Simulacrum        Ice/Alch       10%        N/A       98%         6
 Malign Gateway           Summ/Tloc      2%         N/A       100%        7
 Summon Horrible Things   Summ           2%         N/A       100%        8


Dungeon Overview and Level Annotations

Branches:
Dungeon (6/15)            Ossuary (visited)
 Temple: D:4-7

Altars:
Dithmenos
Elyvilon
Fedhas
Hepliaklqana
Kikubaaqudgha
Sif Muna
Vehumet
Xom
Zin


Innate Abilities, Weirdness & Mutations

You cannot wear most types of armour.
You are amphibious.
You can wear up to eight rings at the same time.
Your skin changes colour to match your surroundings (Stealth+).
Your rubbery body absorbs attacks. (AC +1, EV +1)
((You are camouflaged when in or above water. (Stealth+)))
You have tentacles for arms and can constrict up to eight enemies at once.


Message History

Confirm with . or Enter, or press ? or * to list all spells.
Aiming: Sting (safe; 1% risk of failure)
Press: ? - help, Shift-Dir - straight line, f/p - sleepcap
Aim: a sleepcap (lightly damaged, poisoned, 100% to hit)
You feel a surge of power!
The sting hits the sleepcap but does no damage.
The sleepcap looks even sicker.
The sleepcap is lightly damaged.
Casting: Sting (safe; 1% risk of failure)
Confirm with . or Enter, or press ? or * to list all spells.
Aiming: Sting (safe; 1% risk of failure)
Press: ? - help, Shift-Dir - straight line, f/p - sleepcap
Aim: a sleepcap (lightly damaged, very poisoned, 100% to hit)
You feel a surge of power!
The sting hits the sleepcap.
The sleepcap partially resists.
The sleepcap looks even sicker.
The sleepcap is moderately damaged.
Casting: Sting (safe; 1% risk of failure)
Confirm with . or Enter, or press ? or * to list all spells.
Aiming: Sticky Flame (quite dangerous; 11% risk of failure)
Press: ? - help, Shift-Dir - straight line, f/p - sleepcap
Aim: a sleepcap (moderately damaged, very poisoned)
The sticky flame hits the sleepcap!
The sleepcap is heavily damaged.
The sleepcap burns!
The sleepcap releases spores at you.
You hit the sleepcap but do no damage. You grab the sleepcap.
The sleepcap is almost destroyed.
You constrict the sleepcap.
The sleepcap burns!
You destroy the sleepcap!
Sif Muna accepts your kill.
g - a wand of charming (15) (gained 11 charges)
Found a helmet.
Unknown command.
An orc comes into view. It is wielding a +0 falchion.
The orc shouts!
An orc is nearby!
The orc closely misses you.
You hit the orc but do no damage. You grab the orc. You constrict the orc.
The orc closely misses you. The orc hits you with a +0 falchion.
You hit the orc. You squeeze the orc, but do no damage.
The orc is severely wounded.
You constrict the orc. The orc barely misses you.
You hit the orc but do no damage. You squeeze the orc, but do no damage.
The orc is almost dead.
You constrict the orc.
You kill the orc!
Sif Muna accepts your kill.
Things that are here:
a +0 falchion; an orc corpse
There is a stone staircase leading down here.
You climb downwards.
Found 8 stones.
There is a stone staircase leading up here.
An iguana is nearby!
Unknown command.
Casting: Sticky Flame (dangerous; 11% risk of failure)
Confirm with . or Enter, or press ? or * to list all spells.
You begin to radiate toxic energy.
The iguana hisses angrily.
The iguana is poisoned.
The iguana looks even sicker.
Casting: Olgreb's Toxic Radiance (dangerous; 4% risk of failure)
Confirm with . or Enter, or press ? or * to list all spells.
Aiming: Sting (safe; 1% risk of failure)
Press: ? - help, Shift-Dir - straight line, f - iguana
Aim: an iguana (moderately wounded, very poisoned, 81% to hit)
You feel a surge of power!
The sting hits the iguana.
The iguana looks even sicker.
The iguana is severely wounded.
The iguana looks as sick as possible!
Your toxic aura wanes.
You kill the iguana!
Sif Muna accepts your kill.
Training target 2.0 for Fighting reached!
Your Fighting skill increases to level 2!
Casting: Sting (safe; 1% risk of failure)
Confirm with . or Enter, or press ? or * to list all spells.
You can't see any susceptible monsters within range! (Use Z to cast anyway.)
Found a potion of degeneration.
A steam dragon comes into view.
The steam dragon hisses angrily.
Casting: Sting (safe; 1% risk of failure)
Confirm with . or Enter, or press ? or * to list all spells.
You miscast Olgreb's Toxic Radiance.
You are very lightly contaminated with residual magic.
Nothing appears to happen.
The steam dragon breathes steam at you. The ball of steam hits you!
Unknown command.
Unknown command.
Casting: Olgreb's Toxic Radiance (dangerous; 4% risk of failure)
Confirm with . or Enter, or press ? or * to list all spells.
You begin to radiate toxic energy.
The steam dragon is poisoned.
Casting: Olgreb's Toxic Radiance (dangerous; 4% risk of failure)
Confirm with . or Enter, or press ? or * to list all spells.
Your toxic radiance grows in intensity.
The steam dragon looks even sicker. x2
The steam dragon breathes steam at you. The ball of steam hits you!!
Ouch! That really hurt!
* * * LOW HITPOINT WARNING * * *
You are engulfed in a cloud of scalding steam.
You die...

# ...!..##
##.#.§D...#
##..#.§....#
#....§§....#
#......§#..##
#....§§§#.(.#
##.....§#...# #
#......§...~#≈≈≈#
#....#..@<.P~≈≈≈#
####.####....~≈≈.
## #...~≈≈≈.
#....P≈≈P
....≈~≈≈.
...~~≈≈~~
....~≈≈~.
.....≈≈≈~.


There were no monsters in sight!

Vanquished Creatures
  Pikel (D:5)
  A black bear (D:5)
  2 ogres
  A centaur (D:5)
  A bullfrog (D:5)
  A scorpion (D:5)
  A hound (D:5)
  2 sleepcaps (D:5)
  2 iguanas
  8 mummies (Ossuary)
  3 adders
  2 dart slugs
  3 orcs (D:5)
  An endoplasm (D:4)
  A giant cockroach (D:2)
  3 gnoll zombies (Ossuary)
  3 hobgoblins
  2 jackals (D:1)
  2 quokkas
  2 ball pythons (D:4)
  2 frilled lizards
  2 hobgoblin zombies (Ossuary)
  2 kobolds
  3 orc zombies (Ossuary)
51 creatures vanquished.

Notes
Turn   | Place    | Note
-------+----------+-------------------------------------------
     0 | D:1      | Flugslaktarn the Octopode Alchemist began the quest for the
                  | Orb.
     0 | D:1      | Reached XP level 1. HP: 11/11 MP: 3/3
    65 | D:1      | Reached XP level 2. HP: 17/17 MP: 0/5
   163 | D:2      | Reached skill level 4 in Alchemy
   176 | D:3      | Noticed a bombardier beetle
   185 | D:4      | Found a sand-covered staircase.
   191 | D:4      | Reached XP level 3. HP: 16/21 MP: 0/6
   266 | D:3      | Found a shimmering altar of Xom.
   289 | D:5      | Entered Level 5 of the Dungeon
   289 | D:5      | Noticed an ogre
   291 | D:5      | Noticed a lemure
   292 | D:5      | Noticed a lemure
   311 | D:5      | Killed an ogre
   312 | D:5      | Reached skill level 5 in Alchemy
   312 | D:5      | Reached XP level 4. HP: 27/27 MP: 3/8
   312 | D:5      | Reached XP level 5. HP: 31/31 MP: 3/9
   348 | D:5      | Learned a level 4 spell: Olgreb's Toxic Radiance
   353 | D:5      | Learned a level 4 spell: Sticky Flame
   358 | D:5      | Noticed a centaur
   393 | D:5      | Noticed a black bear
   402 | D:5      | Killed a black bear
   403 | D:5      | Reached skill level 6 in Alchemy
   403 | D:5      | Reached XP level 6. HP: 18/36 MP: 3/11
   410 | D:5      | Noticed Pikel
   442 | D:5      | Killed Pikel
   443 | D:5      | Reached skill level 8 in Alchemy
   443 | D:5      | Reached XP level 7. HP: 7/41 MP: 4/14
   532 | Ossuary  | Entered an ossuary
  1015 | Ossuary  | Reached skill level 1 in Fire Magic
  1191 | Ossuary  | Reached skill level 5 in Spellcasting
  1489 | D:4      | Found a blossoming altar of Fedhas.
  1489 | D:4      | Found an ancient bone altar of Kikubaaqudgha.
  1528 | D:4      | Reached XP level 8. HP: 46/46 MP: 6/15
  1540 | D:4      | Found a shadowy altar of Dithmenos.
  1540 | D:4      | Found a radiant altar of Vehumet.
  1824 | D:5      | Found a shimmering blue altar of Sif Muna.
  1824 | D:5      | Found a glowing silver altar of Zin.
  1830 | D:5      | Found a white marble altar of Elyvilon.
  1832 | D:5      | Became a worshipper of Sif Muna the Loreminder
  1842 | D:5      | Found a hazy altar of Hepliaklqana.
  1926 | D:5      | Reached skill level 1 in Fighting
  2227 | D:6      | Engulfed by a steam dragon's steam

Illustrated notes

Levels and vault maps discovered:
D:1:      dpeg_arrival_leaves_temple_mockup, layout_loops_ring
D:2:      layout_loops_ring
D:3:      layout_rooms, mainiacjoe_overflow_concentric_impassable,
          xom_butterflies, minmay_misc_feat_rows
D:4:      layout_cave_pools, grunt_temple_overflow_growth_and_decay,
          chequers_temple_overflow_statue_of_worship,
          nicolae_ossuary_entry_ruins
D:5:      layout_cave_pods, nicolae_overflow_macrodata_refinement,
          grunt_decor_one_mirror, minmay_curled_crystal,
          hangedman_minor_gate_pass, uniq_pikel
D:6:      layout_cave_pools, mainiacjoe_overflow_six_doors_small,
          grunt_ministairs_7, chequers_big_river, lightli_orcish_oven,
          uniq_prince_ribbit1, uniq_sigmund

Skill      XL: |  1  2  3  4  5  6  7  8 |
---------------+-------------------------+-----
Alchemy        | 4 5 6 8 |  8.0
Spellcasting   | 3 4 5 |  5.2
Fire Magic     | 2 4 |  4.0
Fighting       | 2 |  2.0
Dodging        | |  2.0
Stealth        | |  2.6
Conjurations   | |  1.0

Action                     |  1- 3 |  4- 6 |  7- 9 || total
---------------------------+-------+-------+-------++-------
  Melee: Unarmed           |    15 |       |       ||    15
         Tentacles         |     4 |     1 |    26 ||    31
         Constrict         |     4 |     1 |    16 ||    21
         Staff             |       |     1 |    62 ||    63
         Punch             |       |       |     3 ||     3
   Cast: Sting             |    21 |     6 |    89 ||   116
         Olgreb's Toxic Ra |       |     2 |     6 ||     8
         Sticky Flame      |       |       |     3 ||     3
    Use: Scroll            |       |     4 |     2 ||     6
         Potion            |       |     1 |       ||     1
 Armour: Skin              |     6 |    13 |    35 ||    54
  Dodge: Dodged            |    10 |     7 |    36 ||    53

Table legend: (Time is in decaauts)
 A = Elapsed time spent in this place.
 B = Non-inter-level travel time spent in this place.
 C = Inter-level travel time spent in this place.
 D = Time resting spent in this place.
 E = Time spent auto-exploring this place.
 F = Levels seen in this place.
 G = Mean time per level.
                   A        B        C        D        E       F      G
               +--------+--------+--------+--------+--------+-----+--------+
         Total |   2239 |   2077 |    162 |    474 |    501 |   7 |  319.9 |
       Dungeon |   1295 |   1133 |    162 |      0 |    366 |   6 |  215.8 |
       Ossuary |    943 |    943 |      0 |    474 |    135 |   1 |  943.0 |
               +--------+--------+--------+--------+--------+-----+--------+

Top non-repeatable levels by time:
 Ossuary: 943 daAuts
     D:5: 715 daAuts
     D:4: 356 daAuts
     D:1: 116 daAuts
     D:2: 53 daAuts
     D:3: 37 daAuts
     D:6: 17 daAuts
